 Dungeon Crawl Stone Soup version 0.29.0-11-gd7f09526c8 (webtiles) character file.

Game seed: 108880157515173261

14415 SnakkuSnakku7 the Spear-Bearer (level 12, -5/84 HPs)
             Began as a Human Delver on Sept 6, 2022.
             Was a High Priest of Okawaru.
             Slain by a catoblepas (22 damage)
             ... on level 1 of the Lair of Beasts.
             The game lasted 00:22:24 (17152 turns).

SnakkuSnakku7 the Spear-Bearer (Human Delver)      Turns: 17152, Time: 00:22:24

Health: -5/84      AC: 13    Str: 17    XL:     12   Next: 44%
Magic:  12/12      EV:  8    Int: 12    God:    Okawaru [*****.]
Gold:   613        SH: 14    Dex: 14    Spells: 11/11 levels left

rFire   . . .      SeeInvis +   a - +4 broad axe (flame)
rCold   + . .      Faith    .   d - +3 kite shield of Sophism {rPois rCorr SInv}
rNeg    + . .      Spirit   .   j - +2 scale mail {rC+}
rPois   +          Reflect  .   (no helmet)
rElec   .          Harm     .   o - +0 cloak
rCorr   +          Rampage  .   l - +1 pair of gloves
Will    +....                   B - +1 pair of boots {Fly}
Stlth   ++........              (no amulet)
HPRegen 0.24/turn               r - ring of willpower
MPRegen 0.13/turn               A - ring of positive energy

@: flying
A: no striking features
a: Renounce Religion, Heroism, Finesse, Duel


You were on level 1 of the Lair of Beasts.
You worshipped Okawaru.
Okawaru was extremely pleased with you.
You visited 2 branches of the dungeon, and saw 12 of its levels.
You also visited: Ossuary.

You collected 1001 gold pieces.
You spent 388 gold pieces at shops.

Inventory:

Hand Weapons
 a - a +4 broad axe of flaming (weapon)
 M - a +1 vorpal trident
Missiles
 e - 5 curare-tipped darts (quivered)
 F - 2 throwing nets
Armour
 d - the +3 kite shield of Sophism (worn) {rPois rCorr SInv}
   (You acquired it on level 3 of the Dungeon)

   rPois:     It protects you from poison.
   SInv:      It lets you see invisible.
   rCorr:     It protects you from acid and corrosion.
 j - a +2 scale mail of cold resistance (worn)
 l - a +1 pair of gloves (worn)
 o - a +0 cloak (worn)
 B - a +1 pair of boots of flying (worn)
Jewellery
 r - a ring of willpower (left hand)
 A - a ring of positive energy (right hand)
Wands
 g - a wand of digging (3)
 h - a wand of iceblast (6)
 k - a wand of mindburst (6)
 n - a wand of polymorph (10)
 D - a wand of quicksilver (9)
Scrolls
 c - 4 scrolls of fog
 m - 9 scrolls of teleportation
 p - 4 scrolls of identify
 q - a scroll of poison
 s - 2 scrolls of immolation
 t - 5 scrolls of vulnerability
 E - 2 scrolls of fear
 J - 3 scrolls of magic mapping
 K - 3 scrolls of amnesia
Potions
 b - a potion of flight {unknown}
 f - 3 potions of haste
 i - 2 potions of heal wounds
 u - 2 potions of magic
 v - 4 potions of mutation
 w - 8 potions of curing
 x - 6 potions of brilliance
 z - 4 potions of lignification
 C - 2 potions of resistance
 G - 2 potions of might
 H - 2 potions of ambrosia
 L - 2 potions of attraction {unknown}


   Skills:
 - Level 4.3 Fighting
 + Level 10.7(13.0) Axes
 - Level 11.7(13.4) Polearms
 - Level 2.0 Dodging
 - Level 5.0 Stealth
 - Level 10.0 Shields
 - Level 4.3 Evocations


You had 11 spell levels left.
You didn't know any spells.
Your spell library contained the following spells:

 Spells                   Type           Power      Damage    Failure   Level
 Freeze                   Ice            0%         1d3       95%         1
 Magic Dart               Conj           0%         1d3       95%         1
 Sting                    Tmut/Pois      0%         1d3       95%         1
 Ensorcelled Hibernation  Hex/Ice        0%         N/A       99%         2
 Scorch                   Fire           0%         2d5       99%         2
 Searing Ray              Conj           0%         2d4       99%         2
 Frozen Ramparts          Ice            0%         1d1       100%        3
 Gell's Gravitas          Tloc           0%         N/A       100%        3
 Inner Flame              Hex/Fire       0%         N/A       100%        3
 Portal Projectile        Hex/Tloc       0%         N/A       100%        3
 Spider Form              Tmut/Pois      0%         N/A       100%        3
 Teleport Other           Tloc           0%         N/A       100%        3
 Airstrike                Air            0%         2d(0-16)  100%        4
 Anguish                  Hex/Necr       0%         N/A       100%        4
 Fulminant Prism          Conj/Hex       0%         3d6       100%        4
 Hailstorm                Conj/Ice       0%         3d3       100%        4
 Leda's Liquefaction      Hex/Erth       0%         N/A       100%        4
 Sticky Flame             Conj/Fire      0%         2d3       100%        4
 Lightning Bolt           Conj/Air       0%         1d11      100%        5
 Dispersal                Tloc           0%         N/A       100%        6
 Eringya's Noxious Bog    Tmut/Pois      0%         N/A       100%        6
 Call Canine Familiar     Summ           Unusable   N/A       N/A         3
 Summon Lightning Spire   Summ/Air       Unusable   N/A       N/A         4

Dungeon Overview and Level Annotations

Branches:
Dungeon (11/15)            Temple (0/1) D:7            Lair (1/5) D:11
    Orc (0/2) D:11        Ossuary (visited)

Altars:
Dithmenos
Fedhas
Nemelex Xobeh
Okawaru
Trog
Uskayaw
Zin

Shops:
D:1 :   D:5 !   D:6 [?


Message History

The catoblepas breathes a plume of calcifying dust at you.
The blast of calcifying dust hits you.
You slash the catoblepas! You burn the catoblepas.
The catoblepas is heavily wounded.
The catoblepas barely misses you.
You hit the catoblepas. You burn the catoblepas.
The catoblepas is heavily wounded.
The catoblepas gores you but does no damage.
You hit the catoblepas. You burn the catoblepas.
The catoblepas is severely wounded.
The catoblepas breathes a plume of calcifying dust at you.
The blast of calcifying dust hits you but does no damage.
The catoblepas breathes a plume of calcifying dust at you.
The blast of calcifying dust hits you.
Unknown command.
You hit the catoblepas but do no damage.
The catoblepas is severely wounded.
The catoblepas gores you but does no damage.
You hit the catoblepas. You burn the catoblepas.
The catoblepas is severely wounded.
You block the catoblepas's attack.
You hit the catoblepas but do no damage.
The catoblepas is severely wounded.
The catoblepas gores you!!
* * * LOW HITPOINT WARNING * * *
You hit the catoblepas. You burn the catoblepas.
The catoblepas is severely wounded.
The catoblepas barely misses you.
You slash the catoblepas! You burn the catoblepas.
The catoblepas is almost dead.
You block the catoblepas's attack.
You hit the catoblepas but do no damage.
The catoblepas is almost dead.
The catoblepas breathes a plume of calcifying dust at you.
The blast of calcifying dust hits you.
* * * LOW HITPOINT WARNING * * *
You hit the catoblepas. You burn the catoblepas.
The catoblepas is almost dead.
The catoblepas gores you!!
You die...

#....# #....#
#....## .
#.....## ..
#...... ...
#....# ..♣♣.
#...§♣♣~..~~
#<@§♣..~~.~.
#.Y.~.†~~~..
##.♣...~~.~.~
#....~~.~~~..
#.♣~~~~~~.~.~
#.†[~~.~..~.~
##♣..~~~~~.~.
.~~.....~.~
..~..~.~~.~.


You could see a catoblepas.

Vanquished Creatures
  2 two-headed ogres
  Nergalle (D:11)
  Urug (D:11)
  Amaemon (D:11)
  Pikel (D:6)
  A manticore (D:11)
  A cane toad (Lair:1)
  An orange demon (D:11)
  Psyche (D:9)
  4 trolls
  A hornet (D:9)
  A shadow (D:10)
  2 vampires
  13 yaks
  2 steam dragons (D:9)
  Menkaure (D:4)
  4 water moccasins
  9 orc warriors
  A black bear (D:5)
  3 ogres (D:9)
  5 wolves (D:11)
  2 centaurs
  A lemure (D:6)
  A phantom (D:4)
  5 kobold brigands
  A bullfrog (D:8)
  A gnoll sergeant (D:5)
  2 necrophages
  2 wyvern zombies (Ossuary)
  4 scorpions
  2 water moccasin zombies (Ossuary)
  15 wights
  4 killer bees (D:9)
  8 electric eels
  A howler monkey (D:9)
  A centaur zombie (Ossuary)
  A jelly (D:4)
  2 bullfrog zombies (Ossuary)
  9 orc priests
  6 hounds
  2 gnoll boudas
  3 iguanas
  Terence (D:2)
  11 orc wizards
  2 killer bee zombies (Ossuary)
  13 mummies (Ossuary)
  2 howler monkey zombies (Ossuary)
  10 gnolls
  3 adders
  A shadow imp (D:7)
  4 white imps
  An ufetubus (D:5)
  4 worms
  4 dart slugs
  36 orcs
  5 ball pythons
  8 bats
  7 endoplasms
  7 goblins
  11 hobgoblins
  4 jackals (D:1)
  24 kobolds
  3 quokkas
  3 frilled lizards
  2 rats
295 creatures vanquished.

Vanquished Creatures (others)
  18 fungi (D:9)
  10 withered plants (Ossuary)
28 creatures vanquished.

Grand Total: 323 creatures vanquished

Notes
Turn   | Place    | Note
-------+----------+-------------------------------------------
     0 | D:5      | SnakkuSnakku7 the Human Delver began the quest for the Orb.
     0 | D:5      | Reached XP level 1. HP: 18/18 MP: 1/1
     7 | D:5      | Noticed a two-headed ogre
   226 | D:4      | Reached XP level 2. HP: 15/24 MP: 2/2
   481 | D:4      | Found an iron altar of Okawaru.
   491 | D:4      | Became a worshipper of Warmaster Okawaru
   551 | D:3      | Reached skill level 3 in Polearms
   806 | D:1      | Noticed a great orb of eyes
   811 | D:1      | Found a faded altar of an unknown god.
   813 | D:1      | Noticed a floating eye
   813 | D:1      | Noticed a great orb of eyes
   813 | D:1      | Noticed an eye of devastation
   844 | D:1      | Reached XP level 3. HP: 29/29 MP: 3/3
  1153 | D:1      | Found Wocviol's Book Boutique.
  1290 | D:2      | Noticed Terence
  1405 | D:2      | Got the Volume of the Changed Coals
  1502 | D:2      | Killed Terence
  1503 | D:2      | Reached XP level 4. HP: 9/38 MP: 4/4
  2116 | D:3      | Reached skill level 1 in Evocations
  2161 | D:3      | Reached XP level 5. HP: 42/43 MP: 5/5
  2513 | D:3      | Noticed a kobold brigand
  2513 | D:3      | Noticed a kobold brigand
  2638 | D:3      | Killed a kobold brigand
  2639 | D:3      | Reached XP level 6. HP: 29/49 MP: 6/6
  2723 | D:3      | Reached * piety under Okawaru
  3245 | D:3      | Identified a scroll of acquirement
  3247 | D:3      | Acquired the +3 kite shield of Sophism {rPois rCorr SInv}
  3814 | D:4      | Noticed Menkaure
  3815 | D:4      | Killed Menkaure
  3816 | D:4      | Reached XP level 7. HP: 55/55 MP: 7/7
  4768 | D:5      | Reached skill level 5 in Shields
  4768 | D:5      | Reached XP level 8. HP: 46/61 MP: 8/8
  4847 | D:5      | Found Hazxikk's Distillery.
  4855 | D:5      | Bought a potion of curing for 36 gold pieces
  4855 | D:5      | Bought a potion of heal wounds for 60 gold pieces
  4855 | D:5      | Bought 2 potions of heal wounds for 120 gold pieces
  4855 | D:5      | Bought a potion of resistance for 120 gold pieces
  5129 | D:5      | Reached ** piety under Okawaru
  6050 | D:5      | Killed a two-headed ogre
  6051 | D:5      | Reached XP level 9. HP: 26/66 MP: 9/9
  6286 | D:6      | Noticed Pikel
  6301 | D:6      | Killed Pikel
  6301 | D:6      | Reached *** piety under Okawaru
  6302 | D:6      | Reached skill level 10 in Shields
  6477 | D:6      | Reached skill level 4 in Polearms
  6838 | D:6      | Reached skill level 5 in Polearms
  7065 | D:6      | Reached **** piety under Okawaru
  7334 | D:6      | Found Olegg's Magic Scroll Boutique.
  7340 | D:6      | Bought a scroll of fear for 52 gold pieces
  7448 | D:6      | Found Qannifam's Armour Emporium.
  7685 | D:7      | Reached skill level 6 in Polearms
  7726 | D:7      | Reached XP level 10. HP: 44/73 MP: 10/10
  7751 | D:7      | Found a staircase to the Ecumenical Temple.
  7827 | D:7      | Reached skill level 7 in Polearms
  8270 | D:7      | Found a sand-covered staircase.
  8279 | Ossuary  | Entered an ossuary
  8453 | Ossuary  | Reached skill level 8 in Polearms
  9007 | D:8      | Found a hide-covered altar of Uskayaw.
  9066 | D:8      | Found a blossoming altar of Fedhas.
  9069 | D:8      | Found a glowing silver altar of Zin.
  9075 | D:8      | Found a sparkling altar of Nemelex Xobeh.
  9168 | D:8      | Reached skill level 9 in Polearms
  9188 | D:8      | Reached ***** piety under Okawaru
  9555 | D:8      | Reached skill level 10 in Polearms
 10226 | D:9      | Noticed Psyche
 10239 | D:9      | Killed Psyche
 10240 | D:9      | Reached XP level 11. HP: 69/78 MP: 11/11
 10253 | D:9      | Reached skill level 11 in Polearms
 11171 | D:9      | Found a bloodstained altar of Trog.
 12197 | D:10     | Entered Level 10 of the Dungeon
 12212 | D:10     | Noticed a two-headed ogre
 12506 | D:10     | Killed a two-headed ogre
 12507 | D:10     | Reached skill level 5 in Axes
 13212 | D:10     | Received a gift from Okawaru
 13246 | D:10     | Found a shadowy altar of Dithmenos.
 13572 | D:11     | Found a staircase to the Lair.
 14635 | D:11     | Noticed Urug
 14655 | D:11     | Killed Urug
 14883 | D:11     | Reached XP level 12. HP: 80/84 MP: 12/12
 15133 | D:11     | Noticed Amaemon
 15239 | D:11     | Found a hide-covered altar of Uskayaw.
 15636 | D:11     | Noticed Nergalle
 15652 | D:11     | Killed Nergalle
 15682 | D:11     | Found a staircase to the Orcish Mines.
 16223 | D:11     | Reached skill level 10 in Axes
 16529 | D:11     | Killed Amaemon
 16658 | Lair:1   | Entered Level 1 of the Lair of Beasts
 16658 | Lair:1   | Noticed a catoblepas
 16678 | Lair:1   | HP: 4/84 [poisoned by a cane toad]
 17152 | Lair:1   | Slain by a catoblepas

Illustrated notes

Levels and vault maps discovered:
D:1:      elethiomel_arrival_shortcut, layout_basic, serial_shops, shop,
          hellmonk_ecumenical_altar_watching_god
D:2:      layout_basic, minmay_split_cup_small, uniq_terence
D:3:      cheibrodos_thug_alley, layout_basic
D:4:      layout_loops_ring, lemuel_tele_altar, uniq_menkaure
D:5:      layout_loops_ring, serial_shops, nicolae_shop_advertising_works
          [nicolae_subvault_shop_adworks], minmay_between
D:6:      layout_basic, serial_shops, kennysheep_little_box, shop, uniq_pikel
D:7:      layout_basic, minmay_temple_entry_junction,
          lightli_ossuary_entry_decrepit_ruins, hangedman_abyss_or_decor_stabs
D:8:      layout_cave_pools, minitemple, mainiacjoe_overflow_catwalk
D:9:      kennysheep_steamy, layout_layer_cave, trog_antimagical, uniq_psyche
D:10:     layout_rooms, grunt_dithmenos_shadows, patterned_corridor
D:11:     layout_loops_cross, erik_lair_island, david_orc_1_choice,
          nicolae_uskayaw_dance_studio, uniq_urug, uniq_nergalle, uniq_amaemon
Lair:1:   beast_lair_carwin_large_1, layout_long_grid,
          nicolae_quartered_pool_super, serial_bayou_shore_b

Skill      XL: |  1  2  3  4  5  6  7  8  9 10 11 12 |
---------------+-------------------------------------+-----
Polearms       | 3 6 10 11 | 11.7
Fighting       | 4 |  4.3
Evocations     | 2 3 4 |  4.3
Shields        | 3 5 8 10 | 10.0
Axes           | 8 10 | 10.7
Dodging        | |  2.0
Stealth        | |  5.0

Action                   |  1- 3 |  4- 6 |  7- 9 | 10-12 || total
-------------------------+-------+-------+-------+-------++-------
Melee: Spear             |   156 |   165 |    82 |       ||   403
       Punch             |     3 |     2 |       |       ||     5
       Trident           |       |       |   255 |   791 ||  1046
       Broad axe         |       |       |       |   156 ||   156
Throw: Throwing net      |       |       |     1 |       ||     1
       Dart              |       |       |       |     3 ||     3
Invok: Heroism           |       |       |       |     2 ||     2
Evoke: Wand              |     3 |    10 |     6 |    21 ||    40
  Use: Scroll            |     1 |    13 |     5 |    12 ||    31
       Potion            |       |     1 |       |     2 ||     3
 Stab: Sleeping          |     1 |     1 |     4 |       ||     6
       Distracted        |       |     1 |       |     1 ||     2
Armor: Leather armour    |     3 |       |       |       ||     3
       Scale mail        |    62 |    45 |   106 |   227 ||   440
Dodge: Dodged            |    60 |    78 |   104 |   194 ||   436
Block: Kite shield       |       |    11 |   228 |   563 ||   802
